 Dungeon Crawl Stone Soup version 0.26.0-18-gc5c842f807 (webtiles) character file.

Game seed: 167177578175540839

2145 trckry the Vandal (level 9, -4/72 HPs)
             Began as a Ghoul Hunter on Jan 24, 2021.
             Slain by a killer bee (7 damage)
             ... on level 6 of the Dungeon.
             The game lasted 00:13:53 (7151 turns).

trckry the Vandal (Ghoul Hunter)                    Turns: 7151, Time: 00:13:53

Health: -4/72      AC: 15    Str: 23 (25) XL:     9   Next: 31%
Magic:  10/10      EV:  7    Int:  4 (6)  God:
Gold:   392        SH:  4    Dex:  9      Spells: 8/8 levels left

rFire    . . .     SeeInvis .   b - +0 flail
rCold    + + .     Faith    .   n - +0 buckler {AC+3}
rNeg     + + +     Spirit   .   q - +0 plate armour {rC+}
rPois    ∞         Reflect  .   (no helmet)
rElec    .         Harm     .   (no cloak)
rCorr    .         Rampage  .   (no gloves)
Will     +....                  c - +0 pair of boots
Stlth    ..........             (no amulet)
HPRegen  0.00/turn              p - +6 ring of strength
MPRegen  0.12/turn              s - ring of willpower

@: no status effects
A: claws 1, cold resistance 1, negative energy resistance 3, inhibited
regeneration, torment resistance, unbreathing
a: no special abilities


You were on level 6 of the Dungeon.
You visited 1 branch of the dungeon, and saw 7 of its levels.
You also visited: Ossuary.

You collected 392 gold pieces.

Inventory:

Hand Weapons
 a - a +2 hunting sling
 b - a +0 flail (weapon)
Missiles
 d - 33 sling bullets
 h - 77 stones
 l - 26 poisoned darts (quivered)
Armour
 c - a +0 pair of boots (worn)
 n - a +0 buckler of protection (worn)
 q - a +0 plate armour of cold resistance (worn)
Jewellery
 p - a +6 ring of strength (left claw)
 s - a ring of willpower (right claw)
 w - an uncursed amulet of regeneration {unknown}
 x - a +4 ring of evasion {unknown}
Scrolls
 e - a scroll of immolation {unknown}
 f - 2 scrolls of enchant weapon
 g - 5 scrolls of identify
 k - 2 scrolls of fog
 m - a scroll of enchant armour {unknown}
 t - a scroll of magic mapping {unknown}
 u - 4 scrolls of teleportation
 v - a scroll of remove curse
Potions
 i - a potion of heal wounds
 j - 5 potions of curing
 o - 2 potions of flight
 r - 2 potions of ambrosia
 z - a potion of resistance {unknown}


   Skills:
 + Level 4.5 Fighting
 * Level 4.8 Maces & Flails
 * Level 6.0 Slings
 + Level 3.1 Armour
 + Level 3.9 Dodging
 - Level 1.1 Stealth
 + Level 3.1 Shields
 + Level 3.8 Invocations
 + Level 3.1 Evocations


You had 8 spell levels left.
You didn't know any spells.
Your spell library contained the following spells:

 Spells                   Type           Power        Failure   Level
 Confusing Touch          Hex            0%           100%        3
 Gell's Gravitas          Tloc           0%           100%        3
 Petrify                  Tmut/Erth      0%           100%        4
 Metabolic Englaciation   Hex/Ice        0%           100%        5
 Yara's Violent Unravell  Hex/Tmut       0%           100%        5


Dungeon Overview and Level Annotations

Branches:
Dungeon (7/15)            Ossuary (visited)
 Temple: D:4-7

Altars:
The Shining One


Innate Abilities, Weirdness & Mutations

You thrive by killing the living.
You are immune to poison.
You have sharp fingernails.
Your flesh is cold resistant. (rC+)
You are immune to negative energy. (rN+++)
You do not regenerate when monsters are visible.
You are immune to unholy pain and torment.
You can survive without breathing.


Message History

You closely miss the killer bee.
The killer bee is severely wounded.
The killer bee stings you.
* * * LOW HITPOINT WARNING * * *
The killer bee stings you.
* * * LOW HITPOINT WARNING * * *
The killer bee stings you but does no damage.
You closely miss the killer bee.
The killer bee is severely wounded.
The killer bee stings you!
* * * LOW HITPOINT WARNING * * *
The killer bee stings you but does no damage.
You miss the killer bee.
The killer bee is severely wounded.
The killer bee barely misses you. The killer bee stings you.
* * * LOW HITPOINT WARNING * * *
You miss the killer bee.
The killer bee is severely wounded.
The killer bee stings you!
You die...

##......### .....)....###
######## ............# #.......
.##.###.#.#.# #.######
..........#.# ##.## ##
............#############...####.
..(.###...................#....<.
....# ##....#############...#.#.†
..######.....>yy@).............#.
...........#.######.######.......
.######......# #..........#.#.
.##..........## ######.###.##..
###.####......## #.# #.###.
...............# #.###.# #[
###.####......## #.....# #. #...#
#.#....# ###.### #.
#.######....#.# #.# #.


You could see 2 killer bees.

Vanquished Creatures
  A wyvern (D:5)
  An orc warrior (D:6)
  A sky beast (D:6)
  2 ice beasts (D:6)
  3 phantoms
  An ogre (D:6)
  A centaur (D:5)
  3 elf zombies (Ossuary)
  A killer bee (D:7)
  2 howler monkeys
  2 centaur zombies (Ossuary)
  2 hounds
  An iguana (D:4)
  7 orc priests
  4 orc wizards
  2 worker ants (D:6)
  2 big kobold zombies (Ossuary)
  2 hound zombies (Ossuary)
  3 mummies (Ossuary)
  3 gnolls (D:4)
  6 adders
  2 white imps
  An ufetubus (D:6)
  4 adder zombies
  An adder skeleton (D:2)
  3 worms
  3 leopard geckos
  30 orcs
  3 giant cockroaches
  A gnoll zombie (Ossuary)
  7 goblins
  5 hobgoblins
  8 jackals
  3 kobolds
  5 ball pythons
  2 bats
  4 frilled lizards
  2 goblin zombies (Ossuary)
  2 hobgoblin zombies (Ossuary)
  3 jackal zombies (Ossuary)
  5 kobold zombies (Ossuary)
  An orc zombie (Ossuary)
  5 quokka zombies (Ossuary)
  8 rats
  2 rat zombies (Ossuary)
160 creatures vanquished.

Notes
Turn   | Place    | Note
-------+----------+-------------------------------------------
     0 | D:1      | trckry the Ghoul Hunter began the quest for the Orb.
     0 | D:1      | Reached XP level 1. HP: 17/17 MP: 0/0
   149 | D:1      | Reached XP level 2. HP: 24/24 MP: 1/1
   702 | D:2      | Reached skill level 1 in Maces & Flails
   702 | D:2      | Reached XP level 3. HP: 24/30 MP: 2/2
   838 | D:2      | Found a faded altar of an unknown god.
   840 | D:2      | Noticed a phantom
   877 | D:2      | Killed a phantom
   878 | D:2      | Reached skill level 4 in Slings
   878 | D:2      | Reached skill level 1 in Invocations
   878 | D:2      | Reached XP level 4. HP: 6/37 MP: 3/3
  1152 | D:2      | Reached skill level 1 in Armour
  1152 | D:2      | Reached XP level 5. HP: 42/42 MP: 4/4
  1268 | D:2      | Reached skill level 1 in Shields
  1268 | D:2      | Reached skill level 1 in Evocations
  2356 | D:3      | Found a glowing golden altar of the Shining One.
  2994 | D:4      | Reached XP level 6. HP: 40/50 MP: 6/6
  3071 | D:4      | Found a sand-covered staircase.
  3076 | Ossuary  | Entered an ossuary
  3402 | Ossuary  | Reached XP level 7. HP: 56/57 MP: 7/7
  4059 | D:4      | Reached skill level 5 in Slings
  4334 | D:4      | Reached XP level 8. HP: 64/64 MP: 9/9
  4742 | D:5      | Entered Level 5 of the Dungeon
  4834 | D:5      | Noticed a wyvern
  4846 | D:5      | Killed a wyvern
  6210 | D:6      | Reached XP level 9. HP: 71/71 MP: 10/10
  6882 | D:6      | Reached skill level 6 in Slings
  7150 | D:6      | HP: 3/72 [killer bee (5)]
  7151 | D:6      | Slain by a killer bee

Illustrated notes

Levels and vault maps discovered:
D:1:      dpeg_arrival_round_a, layout_basic
D:2:      layout_loops_corners, chequers_ecumenical_altar_simple
D:3:      layout_basic, lemuel_doored_altar
D:4:      layout_basic, enter_ossuary_5
D:5:      layout_loops_ring
D:6:      layout_loops_ring, minmay_misc_feat_chi
D:7:      layout_gridville, temple_green

Skill      XL: |  1  2  3  4  5  6  7  8  9 |
---------------+----------------------------+-----
Maces & Flails | 1 2 3 4 |  4.8
Slings         | 4 5 6 |  6.0
Dodging        | 2 3 |  3.9
Invocations    | 1 2 3 |  3.8
Armour         | 1 2 3 |  3.1
Shields        | 1 2 3 |  3.1
Evocations     | 1 2 3 |  3.1
Fighting       | 3 4 |  4.5
Stealth        | |  1.1

Action                   |  1- 3 |  4- 6 |  7- 9 || total
-------------------------+-------+-------+-------++-------
Melee: Short sword       |       |     2 |       ||     2
       Hunting sling     |       |     2 |       ||     2
       Flail             |       |       |    81 ||    81
 Fire: Hunting sling     |    82 |   277 |   457 ||   816
Throw: Dart              |       |       |    15 ||    15
  Use: Scroll            |       |     4 |     2 ||     6
       Potion            |       |       |     6 ||     6
Armor: Leather armour    |     1 |       |       ||     1
       Scale mail        |     6 |    57 |    48 ||   111
       Chain mail        |       |       |    33 ||    33
       Plate armour      |       |       |    72 ||    72
Dodge: Dodged            |     7 |    59 |   124 ||   190
Block: Buckler           |       |    17 |    44 ||    61
